 Dungeon Crawl Stone Soup version 0.31.0-12-g77e489cdc1 (webtiles) character file.

Game seed: 2579866846403257958

1778 spaghetti the Covert (level 9, 0/68 HPs)
             Began as a Naga Necromancer on Mar 2, 2024.
             Succumbed to a water moccasin's poison
             ... on level 5 of the Dungeon.
             The game lasted 00:08:03 (5894 turns).

spaghetti the Covert (Naga Necromancer)             Turns: 5894, Time: 00:08:04

Health: 0/68       AC:  8    Str: 11    XL:     9   Next: 8%
Magic:  1/19       EV:  9    Int: 20    God:
Gold:   319        SH:  0    Dex: 11    Spells: 8/21 levels left

rFire   . . .        j - staff of death
rCold   . . .        (no shield)
rNeg    + . .        a - +0 robe
rPois   +            (no helmet)
rElec   .            g - scarf {shadows}
rCorr   .            (no gloves)
SInv    +            (no barding)
Will    +....        (no amulet)
Stlth   ++++         d - +4 ring of protection
HPRegen 0.31/turn    (no ring)
MPRegen 0.16/turn

%: no passive effects
@: lethally poisoned (0 -> -16), animating dead, very slow
A: AC +3, large, see invisible, deformed body, poison resistance, slowness 2,
spit poison 1, naga tail 1
a: Spit Poison


You were on level 5 of the Dungeon.
You visited 1 branch of the dungeon, and saw 5 of its levels.

You collected 319 gold pieces.

Inventory:

Hand Weapons
 l - a +0 whip of venom
Armour
 a - a +0 robe (worn)
 g - a scarf of shadows (worn)
Magical Staves
 j - a staff of death (weapon)
Jewellery
 d - a +4 ring of protection (left hand)
Wands
 e - a wand of flame (26)
Scrolls
 c - 2 scrolls of fear
 f - a scroll of identify
 i - a scroll of enchant armour
 k - a scroll of teleportation
Potions
 b - a potion of magic
 h - a potion of ambrosia {unknown}
 m - a potion of heal wounds


   Skills:
 - Level 1.5 Dodging
 + Level 8.4 Stealth
 + Level 6.9 Spellcasting
 + Level 8.3 Necromancy


You had 8 spell levels left.
You knew the following spells:

 Your Spells              Type           Power      Damage    Failure   Level
a - Necrotise             Necr           100%       1d9       1%          1
b - Animate Dead          Necr           57%        N/A       3%          4
c - Vampiric Draining     Necr           57%        2d10      1%          3
d - Curse of Agony        Necr           57%        N/A       9%          5

Your spell library contained the following spells:

 Spells                   Type           Power      Damage    Failure   Level
 Mercury Vapours          Alch/Air       12%        N/A       14%         2
 Mephitic Cloud           Conj/Alch/Air  6%         N/A       28%         3
 Freezing Cloud           Conj/Ice/Air   3%         6-21      95%         5


Dungeon Overview and Level Annotations

Branches:
Dungeon (5/15)
 Temple: D:4-7

Altars:
Cheibriados
Zin


Innate Abilities, Weirdness & Mutations

Your serpentine skin is tough. (AC +3)
You have supernaturally acute eyesight. (SInv)
Armour fits poorly on your strangely shaped body.
Your system is resistant to poisons. (rPois)
You cover ground very slowly.
You can spit poison.
You have a snake-like lower body.


Message History

The water moccasin bites you!
You are poisoned.
The water moccasin poisons you!
You hit the water moccasin.
The water moccasin is heavily wounded.
You feel very sick. The water moccasin barely misses you.
The water moccasin bites you but does no damage.
Aiming: Throw Flame
Press: ? - help, Shift-Dir - straight line, f/p - water moccasin
Aim: a water moccasin (heavily wounded, 48% to hit)
The puff of flame hits the water moccasin.
The water moccasin is severely wounded.
You feel sick. The water moccasin barely misses you.
Aiming: Throw Flame
Press: ? - help, Shift-Dir - straight line, f/p - water moccasin
Aim: a water moccasin (severely wounded, 48% to hit)
The puff of flame hits the water moccasin.
The water moccasin is almost dead.
You feel sick.
The water moccasin bites you but does no damage.
The water moccasin bites you!
* * * LOW HITPOINT WARNING * * *
You are lethally poisoned!
The water moccasin poisons you!
Aiming: Throw Flame
Press: ? - help, Shift-Dir - straight line, f/p - water moccasin
Aim: a water moccasin (almost dead, 48% to hit)
The puff of flame hits the water moccasin.
The water moccasin is almost dead.
* * * LOW HITPOINT WARNING * * *
You feel very sick.
The water moccasin bites you but does no damage.
Aiming: Throw Flame
Press: ? - help, Shift-Dir - straight line, f/p - water moccasin
Aim: a water moccasin (almost dead, 48% to hit)
The puff of flame hits the water moccasin.
You kill the water moccasin!
The dead are slithering!
You die...

#.......#
#.......##
#.........
#..[...... #B#
#######.###
..........#
#########Z#.#
<.....@.sB#.#
..######yl#.####.#
............#
##)))..######
#.....# .###.....#
..)).....#
###.....#
.........#


You could see a vampire mosquito, a scorpion, a bombardier beetle (ally target),
an iguana and a friendly water moccasin zombie.

Vanquished Creatures
  Sigmund (D:3)
  A wyvern (D:5)
  A water moccasin (D:5)
  A black bear (D:5)
  A centaur (D:5)
  A phantom (D:4)
  A kobold brigand (D:4)
  2 howler monkeys (D:4)
  2 bombardier beetles
  4 orc priests
  2 hounds (D:4)
  2 gnoll boudas (D:4)
  2 jellies
  Natasha (thrice) (D:2)
  10 orc wizards
  19 gnolls (D:4)
  3 adders
  A ribbon worm (D:2)
  4 dart slugs
  30 orcs
  9 ball pythons
  5 bats
  6 endoplasms
  4 giant cockroaches
  5 goblins
  6 hobgoblins
  12 jackals
  7 kobolds
  2 quokkas
  4 frilled lizards
  2 rats
153 creatures vanquished.

Vanquished Creatures (collateral kills)
  7 orcs
  A bat (D:1)
  An endoplasm (D:3)
  A goblin (D:4)
  A hobgoblin (D:3)
  4 jackals
  A ball python (D:2)
16 creatures vanquished.

Vanquished Creatures (others)
  A howler monkey zombie (D:4)
  2 jackal zombies (D:4)
3 creatures vanquished.

Grand Total: 172 creatures vanquished

Notes
Turn   | Place    | Note
-------+----------+-------------------------------------------
     0 | D:1      | spaghetti the Naga Necromancer began the quest for the Orb.
     0 | D:1      | Reached XP level 1. HP: 15/15 MP: 3/3
   216 | D:1      | Reached XP level 2. HP: 22/22 MP: 3/5
   630 | D:2      | Reached XP level 3. HP: 23/28 MP: 2/7
  1140 | D:2      | Noticed Natasha
  1149 | D:2      | Killed Natasha
  1150 | D:2      | Reached XP level 4. HP: 28/36 MP: 1/8
  1306 | D:2      | Noticed Natasha
  1312 | D:2      | Killed Natasha
  1313 | D:2      | Reached skill level 5 in Necromancy
  1327 | D:2      | Noticed Natasha
  1335 | D:2      | Killed Natasha
  1336 | D:2      | Reached XP level 5. HP: 28/42 MP: 2/10
  1889 | D:2      | Learned a level 4 spell: Animate Dead
  2108 | D:3      | Found a glowing silver altar of Zin.
  2179 | D:3      | Noticed Sigmund
  2188 | D:3      | Reached XP level 6. HP: 19/49 MP: 0/12
  2219 | D:3      | Killed Sigmund
  2406 | D:3      | Reached XP level 7. HP: 34/55 MP: 8/14
  2541 | D:3      | Reached skill level 5 in Spellcasting
  2731 | D:3      | Identified the +3 leather armour "Iddol" {^Contam rElec
                  | rCorr Dex+2}
  2750 | D:3      | Found a snail-covered altar of Cheibriados.
  3873 | D:4      | Reached skill level 5 in Stealth
  3994 | D:4      | Reached XP level 8. HP: 31/62 MP: 16/16
  4390 | D:4      | Identified a scroll of acquirement
  4391 | D:4      | Acquired a staff of death
  4398 | D:4      | Learned a level 3 spell: Vampiric Draining
  4404 | D:4      | Learned a level 5 spell: Curse of Agony
  5464 | D:5      | Entered Level 5 of the Dungeon
  5860 | D:5      | Noticed a wyvern
  5877 | D:5      | Killed a wyvern
  5878 | D:5      | Reached XP level 9. HP: 48/68 MP: 1/19
  5893 | D:5      | HP: 3/68 [poisoned by a water moccasin]
  5894 | D:5      | Succumbed to a water moccasin's poison

Illustrated notes

Levels and vault maps discovered:
D:1:      mainiacjoe_arrival_oval_in_oval, layout_rooms
D:2:      layout_basic, minivault_27, hangedman_abyss_or_decor_lesser_grid,
          nicolae_concentric_dashed_squares_wild, minmay_misc_feat_nine_boxes,
          minmay_misc_feat_doors, uniq_natasha
D:3:      layout_basic, mainiacjoe_overflow_24_doors, general_overflow_altar,
          uniq_sigmund
D:4:      lemuel_castle_with_subvaults [lemuel_castle_interior_carwin_3],
          layout_basic
D:5:      layout_basic, mainiacjoe_overflow_boulevard,
          mainiacjoe_overflow_alcove_2, makhleb_grotto_becter,
          minmay_manual_monolith

Skill      XL: |  1  2  3  4  5  6  7  8 |
---------------+-------------------------+-----
Spellcasting   | 3 4 5 6 |  6.9
Necromancy     | 5 6 7 8 |  8.3
Stealth        | 5 8 |  8.4
Dodging        | |  1.5

Action                     |  1- 3 |  4- 6 |  7- 9 || total
---------------------------+-------+-------+-------++-------
  Melee: Unarmed           |    46 |    31 |    35 ||   112
         Whip              |       |       |    74 ||    74
         Punch             |       |       |     3 ||     3
         Staff             |       |       |    67 ||    67
   Cast: Necrotise         |    55 |    65 |   214 ||   334
         Animate Dead      |       |       |     2 ||     2
         Vampiric Draining |       |       |     3 ||     3
Ability: Spit Poison       |     1 |     1 |     1 ||     3
  Evoke: Wand              |       |       |     5 ||     5
    Use: Potion            |       |     3 |       ||     3
         Scroll            |       |       |     7 ||     7
   Stab: Distracted        |       |       |     1 ||     1
 Armour: Robe              |    57 |    27 |   240 ||   324
  Dodge: Dodged            |    55 |    19 |   139 ||   213
